Map: Waterfall

Players

ShaDoWn - Winner!

  • Race: Protoss Protoss
  • Spawn Location: 1:00

PiLiPiLi

  • Race: Protoss Protoss
  • Spawn Location: 7:00

Event: DreamHack SC2 Masters 2022 Atlanta (Offline)

VOD

Have the link to the VOD?

Description

Time

  • Played on: Nov. 18, 2022, 2:12 p.m.
  • Length: 6:16

All games in this series

Show
View Real Time Build Order
Export as new Build Order

ShaDoWn Protoss - Winner!

Build Orders: 1 Gate Expand 

Get SALT Encoding   

  12  0:00  Probe  
  13  0:12  Probe  
  14  0:18  Pylon  
  14  0:24  Probe  
  15  0:36  Probe (Chrono Boost)  
  15  0:38  Gateway  
  16  0:47  Probe (Chrono Boost), Assimilator  
  17  0:52  Probe (Chrono Boost)  
  18  1:03  Probe  
  20  1:21  Nexus  
  19  1:31  Cybernetics Core  
  19  1:34  Probe  
  20  1:42  Assimilator  
  20  1:46  Probe  
  21  1:51  Pylon  
  21  1:58  Probe  
  22  2:07  Adept (Chrono Boost)  
  21  2:10  Warp Gate (Chrono Boost), Probe (Chrono Boost)  
  24  2:22  Probe (Chrono Boost)  
  25  2:27  Probe (Chrono Boost)  
  25  2:28  Stalker (Chrono Boost)  
  26  2:32  Probe  
  30  2:37  Probe  
  30  2:44  Probe  
  30  2:47  Gateway  
  30  2:49  Probe  
  30  2:50  Sentry  
  34  2:57  Robotics Facility  
  34  3:01  Probe  
  34  3:03  Probe  
  34  3:09  Shield Battery  
  34  3:16  Stalker  
  34  3:18  Probe  
  37  3:21  Gateway  
  37  3:27  Probe  
  37  3:30  Shield Battery  
  38  3:38  Probe  
  39  3:45  Immortal (Chrono Boost)  
  43  3:54  Sentry  
  43  3:56  Stalker  
  45  4:04  Cybernetics Core  
  45  4:08  Pylon  
  44  4:17  Immortal  
  44  4:19  Zealot x2  
  44  4:23  Probe  
  44  4:27  Probe  
  41  4:35  Probe  
  39  4:43  Zealot x2  
  43  4:50  Pylon  
  39  4:55  Sentry  
  39  4:59  Pylon  
  39  5:05  Probe  
  40  5:10  Pylon  
  38  5:18  Adept, Probe  
  41  5:25  Probe (Chrono Boost)  
  40  5:30  Probe (Chrono Boost)  
  39  5:37  Probe (Chrono Boost)  
  39  5:38  Sentry  
  39  5:40  Probe (Chrono Boost)  
  43  5:43  Probe (Chrono Boost)  
  43  5:48  Probe (Chrono Boost)  
  43  5:56  Probe (Chrono Boost)  
  41  5:59  Sentry  
  44  6:05  Probe (Chrono Boost)  
  44  6:06  Probe (Chrono Boost)  
  44  6:10  Adept  
Show
View Real Time Build Order
Export as new Build Order

PiLiPiLi Protoss 

Build Orders:  

Get SALT Encoding   

  12  0:00  Probe  
  13  0:12  Probe  
  14  0:18  Pylon  
  14  0:24  Probe  
  15  0:37  Probe (Chrono Boost)  
  15  0:38  Gateway  
  16  0:47  Assimilator  
  16  0:48  Probe (Chrono Boost)  
  17  0:52  Probe (Chrono Boost)  
  17  0:56  Assimilator  
  18  1:03  Probe  
  19  1:15  Probe  
  20  1:25  Zealot  
  20  1:26  Cybernetics Core  
  20  1:27  Pylon  
  20  1:30  Probe  
  23  1:45  Probe  
  24  1:55  Pylon  
  24  1:58  Probe  
  25  2:02  Warp Gate (Chrono Boost)  
  25  2:07  Stalker  
  27  2:13  Gateway  
  27  2:23  Gateway  
  27  2:26  Gateway  
  27  2:37  Stalker  
  29  2:54  Gateway  
  29  3:13  Pylon  
  29  3:31  Stalker x3  
  29  3:32  Stalker  
  37  3:52  Stalker  
  37  3:55  Stalker x2  
  41  4:02  Adept x2  
  39  4:28  Adept, Sentry x2  
  39  4:29  Adept  
  46  4:34  Adept  
  46  4:38  Pylon  
  38  4:58  Adept  
  38  4:59  Adept x3  
  38  5:26  Adept x3  
  38  5:27  Adept  
  38  5:35  Stalker  
  28  5:58  Sentry  
  28  5:59  Adept x2, Sentry  
  28  6:00  Adept  
Tags
 
Add a new tag
Caveats
  • Supply blocks, unpowered buildings, or Contaminate may cause inaccurate times.
  • Supply counts are checked every 10 seconds.